 Dungeon Crawl Stone Soup version 0.21.1-1-g345015f (webtiles) character file.

1070 inc the Firebug (level 8, -2/36 HPs)
             Began as a Felid Wizard on Feb 22, 2018.
             Was a Believer of Ashenzari.
             Slain by a wyvern zombie (19 damage)
             ... on level 8 of the Dungeon.
             The game lasted 00:32:45 (12259 turns).

inc the Firebug (Felid Wizard)                     Turns: 12259, Time: 00:32:46

Health: -2/36      AC:  2    Str:  3    XL:     8   Next: 7%
Magic:  17/24      EV: 17    Int: 22    God:    Ashenzari [**....]
Gold:   189        SH:  0    Dex: 14    Spells: 6/15 levels left
                                        Lives:  0   Deaths: 2

rFire    + . .     SeeInvis +   (weapon unavailable)
rCold    x . .     Gourm    .   (shield unavailable)
rNeg     . . .     Faith    .   (armour unavailable)
rPois    .         Spirit   .   (helmet unavailable)
rElec    .         Reflect  .   (cloak unavailable)
rCorr    .         Harm     +   (gloves unavailable)
MR       +....                  (boots unavailable)
Stlth    +++.......             i - amulet of harm (curse)
HPRegen  0.12/turn              A - ring of magical power (curse)
MPRegen  0.19/turn              l - ring of fire (curse)

@: quick
A: very small, no armour, no weapons or thrown items, stealth, claws 1, fangs 3,
see invisible, carnivore, speed 1, shaggy fur 2, slow metabolism 1, sharp paws
a: Curse Item, Scrying, Renounce Religion


You were on level 8 of the Dungeon.
You worshipped Ashenzari.
Ashenzari was pleased with you.
You were not hungry.

You visited 2 branches of the dungeon, and saw 11 of its levels.
You also visited: Ossuary.

You collected 469 gold pieces.
You spent 280 gold pieces at shops.

Inventory:

Jewellery
 h - an uncursed ring of resist corrosion
 i - a cursed amulet of harm (around neck)
 l - a cursed ring of fire (right paw)
 o - an uncursed ring of fire
 y - an uncursed ring of see invisible
 A - a cursed ring of magical power (left paw)
 E - a +2 ring of strength
 I - a +6 ring of dexterity
Wands
 v - a wand of iceblast (13)
 w - a wand of polymorph (13)
 B - a wand of random effects (5)
 C - a wand of flame (16)
 M - a wand of acid (8)
Scrolls
 c - 2 scrolls of remove curse
 d - 3 scrolls of fog
 g - 3 scrolls of amnesia
 k - 2 scrolls of magic mapping {unknown}
 n - 2 scrolls of immolation {unknown}
 p - a scroll of enchant armour {unknown}
 q - 3 scrolls of teleportation
 s - a scroll of identify
 t - 2 scrolls of noise {unknown}
 D - a scroll of enchant weapon {unknown}
 G - a scroll of blinking {unknown}
 H - a scroll of summoning {unknown}
 J - 2 scrolls of fear {unknown}
Potions
 e - 2 potions of ambrosia
 f - 3 potions of lignification
 j - 3 potions of haste
 m - 4 potions of heal wounds
 r - 2 potions of agility
 u - a potion of resistance
 x - a potion of mutation
 z - 4 potions of curing
 F - 2 potions of might
 K - a potion of invisibility
 L - 2 potions of magic
Books
 a - a book of Minor Magic

   Spells                             Type                      Level
   a - Magic Dart                     Conjuration                  1
   b - Blink                          Translocation                2
   c - Call Imp                       Summoning                    2
   d - Slow                           Hexes                        2
   e - Conjure Flame                  Conjuration/Fire             3
   f - Mephitic Cloud                 Conjuration/Poison/Air       3
 N - a book of Conjurations

   Spells                             Type                      Level
   a - Magic Dart                     Conjuration                  1
   b - Searing Ray                    Conjuration                  2
   c - Dazzling Spray                 Conjuration/Hexes            3
   d - Fulminant Prism                Conjuration/Hexes            4
   e - Force Lance                    Conjuration/Translocation    4
   f - Iskenderun's Mystic Blast      Conjuration                  4
Comestibles
 b - 7 rations


   Skills:
 - Level 4.6 Fighting
 - Level 2.6 Dodging
 - Level 2.6 Stealth
 + Level 4.0 Spellcasting
 - Level 4.6(6.8) Conjurations
 - Level 2.0(3.7) Summonings
   Level 1.5(3.1) Translocations
 - Level 5.6(7.9) Fire Magic
 - Level 2.5(4.4) Air Magic
 - Level 2.5(4.4) Poison Magic


You had 6 spell levels left.
You knew the following spells:

 Your Spells              Type           Power        Failure   Level  Hunger
a - Magic Dart            Conj           ####         1%          1    None
b - Call Imp              Summ           ###.....     3%          2    #......
c - Conjure Flame         Conj/Fire      ######..     1%          3    ###....
d - Mephitic Cloud        Conj/Pois/Air  ####....     3%          3    ###....


Dungeon Overview and Level Annotations

Branches:
Dungeon (10/15)            Temple (1/1) D:5
   Lair: D:8-11         Orc: D:9-12

Altars:
Ashenzari
Cheibriados
Dithmenos
Elyvilon
Fedhas
Gozag
Hepliaklqana
Kikubaaqudgha
Makhleb
Nemelex Xobeh
Okawaru
Qazlal
Ru
Sif Muna
Trog
Uskayaw
Vehumet
Xom
Yredelemnul
Zin
The Shining One

Shops:
D:5 =

Annotations:
D:4 4 runed doors, Eustachio, Menkaure
D:5 Prince Ribbit


Innate Abilities, Weirdness & Mutations

You cannot wear armour.
You are incapable of wielding weapons or throwing items.
Your paws allow you to move quietly. (Stealth)
You have sharp claws.
You have razor-sharp teeth.
You have supernaturally acute eyesight. (SInv)
You are carnivorous and can eat meat at any time.
You cover ground quickly.
You are covered in thick fur. (AC +2)
You have a slow metabolism.
Your sharp claws are effective at attacking unaware monsters.


Message History

The wyvern zombie bites you!
Ouch! That really hurt!
Casting: Magic Dart
Confirm with . or Enter, or press ? or * to list all spells.
Aiming: Magic Dart
Press: ? - help, Shift-Dir - straight line, f/p - wyvern zombie
Aim: a wyvern zombie (heavily damaged)
The magic dart hits the wyvern zombie.
The wyvern zombie is severely damaged.
The wyvern zombie barely misses you.
Casting: Magic Dart
Confirm with . or Enter, or press ? or * to list all spells.
Aiming: Magic Dart
Press: ? - help, Shift-Dir - straight line, f/p - wyvern zombie
Aim: a wyvern zombie (severely damaged)
The magic dart hits the wyvern zombie.
The wyvern zombie is almost destroyed.
The wyvern zombie barely misses you. The wyvern zombie bites you!
Ouch! That really hurt!
You die...

, * ........##
#. ,.#
.....###.### #.
* ,* .#..###*
##..## #.
....,* ##..###.
, * **.....#
##..##. ,
#.....# ##....
##.# #..# ##...
,, , ####.Z#
#..### ###.. ,*
, #....@##
*#...####...# *
,.....###.#
#...#.....# ...
* #.#
##..>####.# * .
# *#.## ##...##
#.#
#...##.###..<.#
#.# *
#.........##
#.# *
##.###.##.# #..
##* ####.## ###
##.#


You could see a wyvern zombie.

Vanquished Creatures
  A troll (D:9)
  An orc warrior (D:9)
  A sky beast (D:5)
  An ogre (D:7)
  2 centaurs
  A big kobold (D:7)
  2 bullfrogs
  4 water moccasin zombies (Ossuary)
  A crimson imp (D:7)
  A centaur zombie (D:8)
  A centaur skeleton (D:8)
  3 hounds
  An orc wizard (D:9)
  Crazy Yiuf (D:7)
  A bullfrog skeleton (D:8)
  3 worker ants
  2 big kobold zombies (Ossuary)
  A hound zombie (D:5)
  A hound skeleton (D:5)
  A mummy (Ossuary)
  A worker ant zombie (D:5)
  2 adders (D:2)
  An ooze (D:2)
  7 adder zombies (Ossuary)
  2 adder skeletons
  8 worms
  2 dart slugs
  4 leopard geckos
  18 orcs
  8 bats
  7 giant cockroaches
  3 gnoll zombies (Ossuary)
  5 goblins
  4 hobgoblins
  4 jackals
  4 quokkas
  A ball python (D:1)
  6 frilled lizards
  3 hobgoblin zombies (Ossuary)
  A jackal zombie (D:5)
  8 kobolds
  2 kobold zombies (Ossuary)
  A leopard gecko skeleton (D:8)
  3 orc zombies (Ossuary)
  8 rats
143 creatures vanquished.

Vanquished Creatures (collateral kills)
  A mummy (Ossuary)
1 creature vanquished.

Vanquished Creatures (others)
  An orc (D:10)
1 creature vanquished.

Grand Total: 145 creatures vanquished

Notes
Turn   | Place    | Note
-------+----------+-------------------------------------------
     0 | D:1      | inc the Felid Wizard began the quest for the Orb.
     0 | D:1      | Reached XP level 1. HP: 7/7 MP: 5/5
    89 | D:1      | Reached skill level 1 in Conjurations
   408 | D:1      | Reached XP level 2. HP: 11/11 MP: 5/7
   412 | D:1      | Learned a level 2 spell: Call Imp
  1284 | D:2      | Reached XP level 3. HP: 14/14 MP: 0/8
  1756 | D:2      | Learned a level 3 spell: Conjure Flame
  2544 | D:2      | Found a snail-covered altar of Cheibriados.
  2564 | D:2      | Noticed a moth of wrath
  2568 | D:2      | Found a bloodstained altar of Trog.
  2637 | D:3      | Found a blossoming altar of Fedhas.
  2671 | D:3      | Found an ancient bone altar of Kikubaaqudgha.
  2860 | D:3      | Reached XP level 4. HP: 18/18 MP: 6/9
  2911 | D:3      | Learned a level 3 spell: Mephitic Cloud
  3099 | D:3      | Found a hazy altar of Hepliaklqana.
  3786 | D:4      | Reached skill level 1 in Air Magic
  3786 | D:4      | Reached skill level 1 in Poison Magic
  3919 | D:4      | Found a large runed door.
  3920 | D:4      | Found a large runed door.
  4046 | D:4      | Noticed Eustachio
  4081 | D:5      | Entered Level 5 of the Dungeon
  4081 | D:5      | Found a hide-covered altar of Uskayaw.
  4162 | D:5      | Reached XP level 5. HP: 21/21 MP: 0/10
  4647 | D:5      | Found Kenep's Jewellery Boutique.
  4674 | D:5      | Bought an uncursed ring of magical power for 280 gold pieces
  4716 | D:6      | Noticed an ice beast
  4901 | D:6      | Noticed an orc warrior
  4967 | D:6      | Mangled by an orc warrior
  4968 | D:6      | Reached XP level 4. HP: -6/18 MP: 1/18
  4968 | D:6      | Found a white marble altar of Elyvilon.
  5047 | D:6      | Noticed a centaur
  5295 | D:5      | Found a staircase to the Ecumenical Temple.
  5316 | Temple   | Entered the Ecumenical Temple
  5379 | Temple   | Became a worshipper of Ashenzari the Shackled
  5503 | D:5      | Noticed a sky beast
  5758 | D:4      | Reached XP level 5. HP: 2/21 MP: 1/10
  6074 | D:4      | Found a large runed door.
  6078 | D:4      | Found a large runed door.
  6214 | D:4      | Noticed a phantom
  6228 | D:4      | Noticed Menkaure
  7255 | D:5      | Killed a sky beast
  7528 | D:5      | Found a shadowy altar of Dithmenos.
  7540 | D:5      | Noticed Prince Ribbit
  7540 | D:5      | Noticed a centaur
  7547 | D:5      | Gained mutation: You are covered in thick fur. (AC +2) [Felid growth]
  7547 | D:5      | Reached XP level 6. HP: 23/27 MP: 10/11
  7858 | D:6      | Found a glowing silver altar of Zin.
  8239 | D:6      | Found a radiant altar of Vehumet.
  8456 | D:7      | Found a runed door.
  8460 | D:7      | Noticed Crazy Yiuf
  8479 | D:7      | Killed Crazy Yiuf
  8702 | D:7      | Found a sand-covered staircase.
  8739 | D:7      | Noticed an orc warrior
  8856 | Ossuary  | Entered an ossuary
  9071 | Ossuary  | Reached XP level 7. HP: 33/33 MP: 12/12
  9157 | Ossuary  | Reached skill level 1 in Fire Magic
  9320 | Ossuary  | Reached skill level 2 in Fire Magic
  9591 | Ossuary  | Reached skill level 3 in Fire Magic
 10368 | D:7      | Reached skill level 4 in Fire Magic
 10608 | D:8      | Reached * piety under Ashenzari
 10688 | D:8      | Shot with an arrow by a centaur
 10689 | D:8      | Reached XP level 6. HP: -7/29 MP: 19/20
 10702 | D:9      | Noticed a troll
 10717 | D:9      | Killed a troll
 10717 | D:9      | Reached skill level 5 in Fire Magic
 10717 | D:9      | Reached XP level 7. HP: 30/33 MP: 7/12
 10838 | D:10     | Entered Level 10 of the Dungeon
 10859 | D:10     | Noticed an unseen horror
 11290 | D:9      | Reached ** piety under Ashenzari
 11393 | D:9      | Noticed a two-headed ogre
 11862 | D:8      | Reached XP level 8. HP: 36/36 MP: 14/14
 12259 | D:8      | Slain by a wyvern zombie

Skill      XL: |  1  2  3  4  5  6  7  8 |
---------------+-------------------------+-----
Conjurations   | 1 2 3 4 |  4.6
Air Magic      | 1 2 |  2.5
Poison Magic   | 1 2 |  2.5
Fighting       | 2 4 |  4.6
Summonings     | 2 |  2.0
Fire Magic     | 5 4 |  5.6
Spellcasting   | 4 |  4.0
Dodging        | |  2.6
Stealth        | |  2.6
Translocations | |  1.5

Action                   |  1- 3 |  4- 6 |  7- 9 || total
-------------------------+-------+-------+-------++-------
Melee: Unarmed           |    19 |    48 |     9 ||    76
       Bite              |     1 |     7 |     1 ||     9
 Cast: Magic Dart        |   110 |   293 |   158 ||   561
       Conjure Flame     |     1 |    11 |    13 ||    25
       Mephitic Cloud    |       |    13 |     6 ||    19
       Call Imp          |       |     7 |     5 ||    12
Invok: Curse Item        |       |     3 |       ||     3
  Use: Scroll            |     4 |     4 |     8 ||    16
 Stab: Confused          |       |     2 |       ||     2
       Sleeping          |       |     2 |     1 ||     3
  Eat: Chunk             |     5 |     9 |     5 ||    19
       Ration            |       |     2 |     2 ||     4
Armor: Skin              |     6 |    11 |    15 ||    32
Dodge: Dodged            |    29 |   139 |    88 ||   256
